 Dungeon Crawl Stone Soup version 0.24.0-123-gd5b16e6ec5 (webtiles) character file.

Game seed: 2033760505216316335, levelgen mode: deterministic

508 Elellon the Magician (level 6, -12/32 HPs)
             Began as a Deep Elf Conjurer on Feb 13, 2020.
             Killed by divine providence
             ... invoked by an orc priest
              (17 damage)
             ... on level 4 of the Dungeon.
             The game lasted 00:05:09 (3826 turns).

Elellon the Magician (Deep Elf Conjurer)            Turns: 3826, Time: 00:05:09

Health: -12/32     AC:  4    Str:  7    XL:     6   Next: 98%
Magic:  8/18       EV: 13    Int: 20    God:
Gold:   165        SH:  0    Dex: 19    Spells: 9/19 levels left

rFire    . . .     SeeInvis .   m - -2 rapier (curse)
rCold    . . .     Gourm    .   (no shield)
rNeg     . . .     Faith    .   a - +0 robe
rPois    .         Spirit   .   (no helmet)
rElec    .         Reflect  .   (no cloak)
rCorr    .         Harm     .   e - +1 pair of gloves
MR       .....                  (no boots)
Stlth    ++........             (no amulet)
HPRegen  0.10/turn              f - +4 ring of dexterity
MPRegen  0.16/turn              (no ring)

@: no status effects
A: no striking features
a: no special abilities


You were on level 4 of the Dungeon.
You were not hungry.

You visited 1 branch of the dungeon, and saw 4 of its levels.

You collected 165 gold pieces.

Inventory:

Hand Weapons
 m - a cursed -2 rapier (weapon)
Armour
 a - a +0 robe (worn)
 e - a +1 pair of gloves (worn)
Jewellery
 f - a +4 ring of dexterity (left hand)
Scrolls
 g - 3 scrolls of teleportation
 i - 6 scrolls of identify
 r - a scroll of amnesia
Potions
 b - a potion of invisibility {unknown}
 d - 3 potions of haste {unknown}
 l - a potion of brilliance {unknown}
 n - 2 potions of flight {unknown}
 p - 2 potions of agility {unknown}
 q - a potion of lignification {unknown}
 s - a potion of curing {unknown}
Comestibles
 c - 5 rations


   Skills:
 - Level 2.4 Dodging
 - Level 2.4 Stealth
 + Level 7.4 Spellcasting
 + Level 7.2 Conjurations


You had 9 spell levels left.
You knew the following spells:

 Your Spells              Type           Power        Failure   Level  Hunger
a - Magic Dart            Conj           ####         1%          1    None
b - Searing Ray           Conj           #####.       1%          2    None
c - Iskenderun's Mystic   Conj           #####...     4%          4    ###....
d - Mephitic Cloud        Conj/Pois/Air  ###.....     10%         3    #......

Your spell library contained the following spells:

 Spells                   Type           Power        Failure   Level  Hunger
 Conjure Flame            Conj/Fire      ###.....     6%          3    #......
 Dazzling Spray           Conj/Hex       ###...       6%          3    #......
 Blink                    Tloc           N/A          14%         2    None
 Call Imp                 Summ           #.......     14%         2    None
 Slow                     Hex            #.......     14%         2    None
 Force Lance              Conj/Tloc      ###.....     21%         4    ###....
 Fulminant Prism          Conj/Hex       ###.......   21%         4    ###....


Dungeon Overview and Level Annotations

Branches:
Dungeon (4/15)
 Temple: D:4-7

Altars:
Ashenzari
Hepliaklqana

Shops:
D:4 [=


Message History

An orc comes into view. It is wielding a +0 morningstar.
The orc priest calls down the wrath of Beogh upon you.
Pain shoots through your body!
Casting: Magic Dart (safe; 1% risk of failure)
Confirm with . or Enter, or press ? or * to list all spells.
Aiming: Magic Dart (safe; 1% risk of failure)
Press: ? - help, Shift-Dir - straight line, f/p - orc priest
Aim: an orc priest, wielding a +0 whip and wearing a +0 leather armour (almost dead)
The magic dart hits the orc priest.
The orc priest is almost dead.
The orc priest invokes the aid of Beogh against you.
Beogh smites you!
Ouch! That really hurt!
The orc throws a boomerang.
The boomerang hits you.
* * * LOW HITPOINT WARNING * * *
The weapon returns to the orc!
The orc priest invokes the aid of Beogh against you.
Beogh smites you!
Ouch! That really hurt!
You die...

#. ....# ##
..## ....##.#
....##......
..#........## .
.)........!.#.#
......%.∩.....#
..........o....
..........o....
..o....@.......
.....#.<.......
.... #.........
... #.........
.. ##.##..... .
#.# ..... ..#
##... ... ...
... ..


You could see an orc priest, an orc wizard and an orc.

Vanquished Creatures
  Grinder (D:3)
  An ogre (D:3)
  An orc wizard (D:3)
  2 worker ants (D:4)
  6 adders
  2 oozes
  2 worms (D:3)
  A leopard gecko (D:4)
  4 orcs (D:3)
  13 bats
  2 giant cockroaches
  7 hobgoblins
  6 jackals
  A quokka (D:4)
  5 frilled lizards
  16 goblins
  10 kobolds
  5 rats
85 creatures vanquished.

Notes
Turn   | Place    | Note
-------+----------+-------------------------------------------
     0 | D:1      | Elellon the Deep Elf Conjurer began the quest for the Orb.
     0 | D:1      | Reached XP level 1. HP: 10/10 MP: 6/6
   305 | D:1      | Reached XP level 2. HP: 9/15 MP: 2/8
  1229 | D:2      | Learned a level 2 spell: Searing Ray
  1253 | D:2      | Reached skill level 5 in Conjurations
  1253 | D:2      | Reached XP level 3. HP: 19/19 MP: 4/10
  1492 | D:2      | Found a hazy altar of Hepliaklqana.
  1980 | D:2      | Reached XP level 4. HP: 24/24 MP: 9/12
  2321 | D:3      | Reached skill level 5 in Spellcasting
  2322 | D:3      | Noticed Grinder
  2482 | D:3      | Killed Grinder
  2482 | D:3      | Reached XP level 5. HP: 10/28 MP: 5/15
  2482 | D:3      | Reached XP level 6. HP: 11/32 MP: 5/17
  2725 | D:3      | Learned a level 4 spell: Iskenderun's Mystic Blast
  2729 | D:3      | Learned a level 3 spell: Mephitic Cloud
  2796 | D:3      | Found a shattered altar of Ashenzari.
  3499 | D:3      | Found a faded altar of an unknown god.
  3588 | D:4      | Found Qittydua's Jewellery Shoppe.
  3641 | D:4      | Found Wiklugid's Antique Armour Shoppe.
  3826 | D:4      | Killed from afar by an orc priest

Levels and vault maps discovered:
D:1:      minmay_arrival_four_houses, layout_basic
D:2:      layout_loops_cross, old_standard_altar
D:3:      layout_basic, marbit_many_paths, chequers_ecumenical_altar_lobes,
          minmay_ogre_servants, uniq_grinder
D:4:      layout_cave_pools, grunt_temple_overflow_open, first_ration,
          serial_shops, shop, shop, shop, shop, grunt_ministairs_9

Skill      XL: |  1  2  3  4  5  6 |
---------------+-------------------+-----
Spellcasting   | 4 6 7 |  7.4
Conjurations   | 5 6 7 |  7.2
Dodging        | |  2.4
Stealth        | |  2.4

Action                   |  1- 3 |  4- 6 || total
-------------------------+-------+-------++-------
 Cast: Magic Dart        |    78 |    76 ||   154
       Searing Ray       |       |    11 ||    11
  Use: Scroll            |       |     6 ||     6
  Eat: Chunk             |     3 |     6 ||     9
Armor: Robe              |     8 |     1 ||     9
Dodge: Dodged            |    26 |     9 ||    35
